 Dungeon Crawl Stone Soup version 0.20.0-15-g7f486f2 (webtiles) character file.

18 straycat the Grasshopper (level 2, 0/21 HPs)
             Began as a Vampire Wanderer on June 27, 2017.
             Slain by a goblin
             ... wielding a cursed -2 dagger
              (1 damage)
             ... on level 1 of the Dungeon.
             The game lasted 00:03:31 (380 turns).

straycat the Grasshopper (Vampire Wanderer)          Turns: 380, Time: 00:03:32

Health: 0/21       AC:  2    Str: 10    XL:     2   Next: 51%
Magic:  3/3        EV: 12    Int: 12    God:
Gold:   30         SH:  0    Dex: 16    Spells: 3/3 levels left

rFire    . . .     SeeInvis +   f - +0 spear (pain)
rCold    . . .     Gourm    .   (no shield)
rNeg     + . .     Faith    .   c - +0 robe
rPois    .         Spirit   .   (no helmet)
rElec    .         Reflect  .   (no cloak)
rCorr    .         Harm     .   (no gloves)
MR       .....                  (no boots)
Stlth    ++........             (no amulet)
Regen    0.1/turn               (no ring)
MPRegen  0.1/turn               (no ring)

@: no status effects
A: fangs 3, see invisible, unbreathing
a: no special abilities


You were on level 1 of the Dungeon.
You were not thirsty.

You visited 1 branch of the dungeon, and saw 1 of its levels.

You collected 30 gold pieces.

Inventory:

Hand Weapons
 d - a +0 dagger
 f - a +0 spear of pain (weapon)
Missiles
 h - 57 stones (quivered)
 q - 16 bolts
Armour
 c - a +0 robe (worn)
 n - a cursed +0 leather armour
 o - a +0 scale mail
Scrolls
 g - a scroll of magic mapping {unknown}
 m - a scroll of fear {unknown}
Potions
 e - 7 potions of blood
 i - a potion of ambrosia {unknown}
 j - 2 potions of heal wounds {unknown}
 k - a potion of degeneration {unknown}
 l - a potion of brilliance {unknown}
 p - a potion of mutation {unknown}
Books
 a - a book of Spatial Translocations

   Spells                             Type                      Level
   a - Blink                          Translocation                2
   b - Shroud of Golubria             Charms/Translocation         2
   c - Lesser Beckoning               Translocation                3
   d - Gell's Gravitas                Translocation                3
   e - Teleport Other                 Translocation                3
   f - Passage of Golubria            Translocation                4
 b - the Collected Works on Clay

   Spells                             Type                      Level
   a - Sandblast                      Earth                        1
   b - Stone Arrow                    Conjuration/Earth            3


   Skills:
 * Level 1.5 Fighting
 * Level 1.2 Dodging
 - Level 1.5 Stealth
   Level 1.0 Shields
 - Level 1.0 Spellcasting
   Level 1.1 Charms
   Level 2.4 Translocations
   Level 2.0 Air Magic
   Level 1.0 Poison Magic


You had 3 spell levels left.
You didn't know any spells.

Dungeon Overview and Level Annotations

Branches:
Dungeon (1/15)

Altars:


Innate Abilities, Weirdness & Mutations

You have razor-sharp teeth.
You have supernaturally acute eyesight. (SInv)
You can survive without breathing.


Message History

The rat bites you.
Attack whom?
Press: ? - help, Dir - move target cursor, f/p - goblin
Aim: a goblin, wielding a dagger (severely wounded)
You hit the goblin but do no damage.
The goblin is severely wounded.
The goblin hits you but does no damage. The goblin hits you with a dagger.
The rat bites you.
Attack whom?
Press: ? - help, Dir - move target cursor, f/p - goblin
Aim: a goblin, wielding a dagger (severely wounded)
You closely miss the goblin.
The goblin is severely wounded.
The goblin hits you with an enchanted dagger.
The goblin hits you with a dagger.
* * * LOW HITPOINT WARNING * * *
The rat bites you.
* * * LOW HITPOINT WARNING * * *
The goblin hits you with an enchanted dagger.
You die...

.#.#........## ####.#...#
.............#### #....#
#...............# ####...###
.............##.# ####......###
#............##.# #.....#..###.
###...........#.## #........#
#. #.......#...#..##
#.....#.####.
#.#....###......###.....#.###..
#.###..# #.##g@g..#.....#.....#
.. ..[.##r##.............. #
#..####.....##.#### #$....).##
###.......# #
##.#[#.#####........## # # #.
........##...### ..
###...######.... ... .....#
####. #.## ##.## ##


You could see 2 goblins and a rat.

Vanquished Creatures
  An ooze (D:1)
  3 bats (D:1)
  2 goblins (D:1)
  2 hobgoblins (D:1)
  4 kobolds (D:1)
  2 rats (D:1)
14 creatures vanquished.

Notes
Turn   | Place    | Note
-------+----------+-------------------------------------------
     0 | D:1      | straycat the Vampire Wanderer began the quest for the Orb.
     0 | D:1      | straycat set off with: a book of Spatial Translocations, the Collected Works on Clay, a +0 robe, a +0 dagger, a potion of blood
     0 | D:1      | Reached XP level 1. HP: 13/13 MP: 2/2
     0 | D:1      | Identified the Collected Works on Clay
   213 | D:1      | Reached skill level 1 in Fighting
   213 | D:1      | Reached skill level 1 in Dodging
   213 | D:1      | Reached XP level 2. HP: 15/21 MP: 3/3
   380 | D:1      | HP: 1/21 [rat (1)]
   380 | D:1      | Slain by a goblin

Skill      XL: |  1 |
---------------+----+-----
Fighting       | 1 |  1.5
Dodging        | 1 |  1.2
Stealth        | |  1.5
Shields        | |  1.0
Spellcasting   | |  1.0
Charms         | |  1.1
Translocations | |  2.4
Air Magic      | |  2.0
Poison Magic   | |  1.0

Action                   || total
-------------------------++-------
Melee: Spear             ||    41
       Dagger            ||     6
       Bite              ||     3
Throw: Stone             ||     5
 Stab: Sleeping          ||     1
Armor: Robe              ||    13
Dodge: Dodged            ||    33
